 Dungeon Crawl Stone Soup version 0.29-a0-334-gb41bcbb86e (webtiles) character file.

Game seed: 7349353755563966825

205 brightshaft the Slasher (level 5, -4/38 HPs)
             Began as a Merfolk Gladiator on Apr 13, 2022.
             Slain by an iguana (11 damage)
             ... on level 4 of the Dungeon.
             The game lasted 00:02:08 (1566 turns).

brightshaft the Slasher (Merfolk Gladiator)         Turns: 1566, Time: 00:02:09

Health: -4/38      AC: 10    Str: 15    XL:     5   Next: 83%
Magic:  5/5        EV: 12    Int:  7    God:
Gold:   69         SH:  0    Dex: 17    Spells: 4/4 levels left

rFire   . . .      SeeInvis .   a - +0 long sword
rCold   . . .      Faith    .   (no shield)
rNeg    . . .      Spirit   .   h - +0 ring mail
rPois   .          Reflect  .   c - +0 helmet
rElec   .          Harm     .   (no cloak)
rCorr   .          Rampage  .   (no gloves)
Will    .....                   (no boots)
Stlth   +.........              (no amulet)
HPRegen 0.12/turn               f - +4 ring of protection
MPRegen 0.09/turn               (no ring)

@: no status effects
A: (nimble swimmer 2), mertail
a: no special abilities


You were on level 4 of the Dungeon.
You visited 1 branch of the dungeon, and saw 3 of its levels.

You collected 69 gold pieces.

Inventory:

Hand Weapons
 a - a +0 long sword (weapon)
Missiles
 d - 3 throwing nets (quivered)
 e - a javelin
Armour
 b - a +0 leather armour
 c - a +0 helmet (worn)
 h - a +0 ring mail (worn)
 l - a +0 chain mail
Jewellery
 f - a +4 ring of protection (left hand)
Scrolls
 g - a scroll of brand weapon {unknown}
 i - 2 scrolls of amnesia {unknown}
 n - a scroll of fog {unknown}
 o - a scroll of identify {unknown}
 q - a scroll of holy word {unknown}
 s - a scroll of enchant weapon {unknown}
Potions
 j - a potion of mutation {unknown}
 k - a potion of haste {unknown}
 m - 2 potions of heal wounds {unknown}
 p - a potion of lignification {unknown}
 r - a potion of attraction {unknown}


   Skills:
 - Level 2.1 Fighting
 * Level 7.6 Long Blades
 - Level 2.0 Throwing
 - Level 4.0 Dodging


You had 4 spell levels left.
You didn't know any spells.
Your spell library was empty.

Dungeon Overview and Level Annotations

Branches:
Dungeon (2/15)

Altars:


Innate Abilities, Weirdness & Mutations

((You are very nimble when in or above water. (Stealth+, EV+, Speed+++)))
Your lower body shifts to a powerful aquatic tail in water.


Message History

The scorpion misses you.
You slash the scorpion!
You kill the scorpion!
No target in view!
No target in view!
You open the door.
An orc priest, 2 orcs and an iguana come into view.
The orc priest shouts!
The orc priest calls down the wrath of Beogh upon you.
Beogh smites you!
Found a hand axe.
Found a stone staircase leading up.
You hit the orc.
The orc is heavily wounded.
The orc closely misses you.
You barely miss the orc.
The orc is heavily wounded.
The orc priest calls upon Beogh to heal the orc.
The orc's wounds heal themselves!
The orc barely misses you.
You hit the orc but do no damage. The orc barely misses you.
You barely miss the orc. You hit the orc.
The orc is almost dead.
The orc barely misses you.
You slash the orc!
You kill the orc!
The orc priest calls down the wrath of Beogh upon you.
Beogh smites you! The iguana bites you.
You are too injured to fight recklessly!
You are too injured to fight recklessly!
You are too injured to fight recklessly!
You are too injured to fight recklessly!
The iguana bites you.
* * * LOW HITPOINT WARNING * * *
Things that are here:
a +0 mace; a +0 ring mail; an orc corpse You hit the iguana but do no damage.
The iguana misses you.
You hit the iguana.
The iguana is moderately wounded.
The iguana bites you!
You die...

.##### #........# ^....#
#...#.#.## ####.#
#..###..# .# #.# #.##
##.# .# #.# ##.###..# .
.# #.# #..#...# ).
.###.# ###..### ...
.....# #####.##### ....
.##### #........@# .....
.#######.#######l#......
.........# #o'......
.#######.# #.#......
.##### #.# #†##.....
.....# #.# #.# #...<
.###.# #.# #.# #...
..##.# #.# #.# #+#
#.##.# #.. ..#


You could see an iguana and an orc priest.

Vanquished Creatures
  A phantom (D:4)
  A scorpion (D:4)
  2 adders (D:2)
  A worm (D:2)
  3 dart slugs (D:1)
  2 orcs (D:4)
  4 bats (D:1)
  2 endoplasms
  2 giant cockroaches (D:1)
  3 goblins (D:1)
  5 hobgoblins
  4 kobolds
  2 quokkas
  2 ball pythons
  5 frilled lizards
  3 rats
42 creatures vanquished.

Notes
Turn   | Place    | Note
-------+----------+-------------------------------------------
     0 | D:1      | brightshaft the Merfolk Gladiator began the quest for the
                  | Orb.
     0 | D:1      | Reached XP level 1. HP: 16/16 MP: 1/1
     3 | D:1      | Noticed an electric eel
    12 | D:1      | Noticed an electric eel
    36 | D:1      | Reached skill level 4 in Long Blades
    37 | D:1      | Reached XP level 2. HP: 20/22 MP: 2/2
   425 | D:1      | Reached XP level 3. HP: 26/27 MP: 3/3
   503 | D:1      | Reached skill level 5 in Long Blades
  1077 | D:2      | Reached XP level 4. HP: 30/33 MP: 4/4
  1165 | D:2      | You fall into a shaft and drop 2 floors!
  1317 | D:4      | Noticed a phantom
  1328 | D:4      | Killed a phantom
  1329 | D:4      | Reached skill level 7 in Long Blades
  1329 | D:4      | Reached XP level 5. HP: 28/38 MP: 5/5
  1566 | D:4      | Slain by an iguana

Illustrated notes

Levels and vault maps discovered:
D:1:      arrival_aquarium_b, layout_loops_ring, hangedman_decor_opposing
D:2:      layout_rooms
D:4:      layout_loops_corners, nicolae_concentric_dashed_squares_wild,
          minivault_19

Skill      XL: |  1  2  3  4 |
---------------+-------------+-----
Long Blades    | 4 5 7 |  7.6
Fighting       | |  2.1
Throwing       | |  2.0
Dodging        | |  4.0

Action                   |  1- 3 |  4- 6 || total
-------------------------+-------+-------++-------
Melee: Long sword        |   109 |    50 ||   159
Armor: Leather armour    |     4 |       ||     4
       Ring mail         |    55 |    13 ||    68
Dodge: Dodged            |    80 |    31 ||   111

Table legend: (Time is in decaauts)
 A = Elapsed time spent in this place.
 B = Non-inter-level travel time spent in this place.
 C = Inter-level travel time spent in this place.
 D = Time resting spent in this place.
 E = Time spent auto-exploring this place.
 F = Levels seen in this place.
 G = Mean time per level.
                   A        B        C        D        E       F      G
               +--------+--------+--------+--------+--------+-----+--------+
         Total |   1589 |   1579 |     10 |      0 |   1231 |   3 |  529.7 |
       Dungeon |   1589 |   1579 |     10 |      0 |   1231 |   3 |  529.7 |
               +--------+--------+--------+--------+--------+-----+--------+

Top non-repeatable levels by time:
     D:1: 772 daAuts
     D:2: 412 daAuts
     D:4: 404 daAuts
